 Dungeon Crawl Stone Soup version 0.25-a0-189-gf71692caf1 (webtiles) character file.

Game seed: 9041991412421790973, levelgen mode: classic

114734 EnegeticOcto the Eclecticist (level 16, 134/134 HPs)
             Began as a Red Draconian Conjurer on Oct 5, 2019.
             Was the Champion of Dithmenos.
             Quit the game on level 2 of the Swamp on Nov 29, 2019.
             The game lasted 01:16:32 (41253 turns).

EnegeticOcto the Eclecticist (DrCj)                Turns: 41253, Time: 01:16:32

Health: 134/134    AC: 19    Str: 11    XL:     16   Next: 17%
Magic:  35/35      EV: 22    Int: 22    God:    Dithmenos [******]
Gold:   2019       SH:  5    Dex: 12    Spells: 13/45 levels left

rFire    + . .     SeeInvis .   L - staff of conjuration
rCold    . . .     Gourm    .   l - +0 buckler {AC+3}
rNeg     . . .     Faith    .   (armour unavailable)
rPois    .         Spirit   .   (helmet restricted)
rElec    .         Reflect  .   H - +0 cloak
rCorr    .         Harm     +   t - +0 pair of gloves {archery}
MR       +....                  i - +1 pair of boots
Stlth    +++++.....             k - amulet of harm
HPRegen  0.32/turn              N - +3 ring of protection
MPRegen  0.24/turn              V - +5 ring of evasion

@: wreathed by umbra
A: breathe fire, unfitting armour, fire resistance 1, cold-blooded, AC +9
a: Breathe Fire, Shadow Step, Shadow Form, Renounce Religion


You were on level 2 of the Swamp.
You worshipped Dithmenos.
Dithmenos was exalted by your worship.
You were not hungry.

You visited 5 branches of the dungeon, and saw 26 of its levels.

You collected 2583 gold pieces.
You spent 564 gold pieces at shops.

Inventory:

Hand Weapons
 q - the +3 dagger "Bopegu" {holy, rPois rF+ rC+ Str-4}
   (You found it on level 14 of the Dungeon)

   It has been blessed by the Shining One to cause great damage to the undead
   and demons.
   It affects your strength (-4).
   It protects you from fire.
   It protects you from cold.
   It protects you from poison.
 r - the +5 spear of the Lurker {pain, -Tele Str+2 Int+6}
   (You found it on level 5 of the Dungeon)

   In the hands of one skilled in necromantic magic, it inflicts extra damage on
   living creatures.
   It affects your strength (+2).
   It affects your intelligence (+6).
   It prevents most forms of teleportation.
 K - a +2 dagger of distortion
Missiles
 u - 2 throwing nets (quivered) {!f}
Armour
 i - a +1 pair of boots (worn)
 l - a +0 buckler of protection (worn)
 t - a +0 pair of gloves of archery (worn)
 H - a +0 cloak (worn)
 P - a +2 shield of protection
Magical Staves
 w - an uncursed staff of air
 L - an uncursed staff of conjuration (weapon)
Jewellery
 d - an uncursed ring of poison resistance
 k - an amulet of harm (around neck)
 N - a +3 ring of protection (left hand)
 S - an uncursed ring of protection from magic
 V - a +5 ring of evasion (right hand)
Wands
 b - a wand of clouds (6)
 p - a wand of paralysis (10)
 x - a wand of disintegration (22)
 y - a wand of iceblast (2)
 z - a wand of polymorph (9)
 E - a wand of acid (11)
 G - a wand of digging (3)
 I - a wand of enslavement (9)
 U - a wand of flame (18)
Scrolls
 f - 13 scrolls of remove curse {@r2}
 g - 3 scrolls of fog {!r}
 h - 11 scrolls of teleportation {@r3 !r}
 s - a scroll of amnesia
 v - 4 scrolls of magic mapping {@r5 !r}
 R - 2 scrolls of immolation
 T - 2 scrolls of blinking {@r4}
 Y - a scroll of fear {!r}
Potions
 a - 2 potions of lignification {@q6}
 c - 2 potions of cancellation
 j - 2 potions of brilliance {unknown}
 m - 6 potions of flight
 n - a potion of berserk rage
 o - 7 potions of curing {@q1 !q}
 A - a potion of resistance {unknown}
 B - 4 potions of haste {@q4 !q}
 D - 6 potions of heal wounds {@q2 !q}
 F - 6 potions of might {@q3 !q}
 J - 3 potions of magic
 M - 4 potions of agility {@q5 !q}
 O - 2 potions of invisibility
 X - 2 potions of ambrosia
 Z - a potion of mutation {unknown}
Miscellaneous
 C - a lightning rod (4/4)
 Q - a phantom mirror
 W - a box of beasts
Comestibles
 e - 10 rations


   Skills:
 - Level 10.0 Fighting
 - Level 10.0 Dodging
 - Level 5.3 Stealth
 + Level 5.0 Shields
 - Level 15.0 Spellcasting
 - Level 10.0 Conjurations
 + Level 4.3 Summonings
 - Level 14.0 Fire Magic
 - Level 8.0 Earth Magic
 - Level 6.0 Invocations
 - Level 5.0 Evocations


You had 13 spell levels left.
You knew the following spells:

 Your Spells              Type           Power        Failure   Level  Hunger
a - Bolt of Magma         Conj/Fire/Erth #######...   1%          5    ###....
c - Iskenderun's Mystic   Conj           ######..     1%          4    None
d - Sticky Flame          Conj/Fire      #######.     1%          4    None
e - Lee's Rapid Deconstr  Erth           ######....   3%          5    ###....
f - Spellforged Servitor  Conj/Summ      ######....   86%         7    ######.
g - Irradiate             Conj/Tmut      ######....   13%         5    ###....
p - Passwall              Tmut/Erth      ####....     1%          2    None

Your spell library contained the following spells:

 Spells                   Type           Power        Failure   Level  Hunger
 Flame Tongue             Conj/Fire      #####        1%          1    None
 Magic Dart               Conj           ####         1%          1    None
 Shock                    Conj/Air       ####         1%          1    None
 Summon Butterflies       Summ           #####...     1%          1    None
 Searing Ray              Conj           ######       1%          2    None
 Throw Flame              Conj/Fire      ######       1%          2    None
 Throw Frost              Conj/Ice       ######       1%          2    None
 Call Canine Familiar     Summ           #####...     1%          3    None
 Dazzling Spray           Conj/Hex       ######       1%          3    None
 Static Discharge         Conj/Air       ######..     1%          3    None
 Animate Skeleton         Necr           N/A          3%          1    None
 Beastly Appendage        Tmut           ###...       3%          1    None
 Confusing Touch          Hex            ###...       3%          1    None
 Freeze                   Ice            ###.         3%          1    None
 Pain                     Necr           ###.         3%          1    None
 Force Lance              Conj/Tloc      ######..     4%          4    None
 Fulminant Prism          Conj/Hex       ######....   4%          4    None
 Throw Icicle             Conj/Ice       ######..     4%          4    None
 Poisonous Vapours        Pois/Air       ###...       5%          2    None
 Sticks to Snakes         Tmut           ###.....     5%          2    None
 Swiftness                Chrm/Air       ###.....     5%          2    None
 Petrify                  Tmut/Erth      ####....     7%          4    None
 Confuse                  Hex            ###.....     11%         3    None
 Gell's Gravitas          Tloc           ###.......   11%         3    None
 Ozocubu's Armour         Chrm/Ice       ###.....     11%         3    None
 Regeneration             Chrm/Necr      ###.......   11%         3    None
 Spider Form              Tmut/Pois      ###.......   11%         3    None
 Vampiric Draining        Necr           ###.......   11%         3    None
 Lightning Bolt           Conj/Air       ######....   13%         5    ###....
 Summon Ice Beast         Ice/Summ       ####....     16%         4    None
 Airstrike                Air            ###.......   34%         4    None
 Animate Dead             Necr           N/A          34%         4    None
 Ice Form                 Ice/Tmut       ###.....     34%         4    None
 Passage of Golubria      Tloc           N/A          34%         4    None
 Summon Mana Viper        Hex/Summ       ####....     38%         5    ###....
 Blade Hands              Tmut           ###.......   69%         5    ###....
 Metabolic Englaciation   Hex/Ice        ###.......   69%         5    ###....
 Yara's Violent Unravell  Hex/Tmut       ###.......   69%         5    ###....
 Statue Form              Tmut/Erth      ####.....    71%         6    #####..
 Darkness                 Hex            ###.......   99%         6    #####..
 Hydra Form               Tmut           ###.......   99%         6    #####..
 Invisibility             Hex            ###.....     99%         6    #####..
 Summon Hydra             Summ           #####.....   99%         7    ######.
 Dragon Form              Tmut           ###.......   100%        7    ######.


Dungeon Overview and Level Annotations

Branches:
Dungeon (15/15)            Temple (1/1) D:4            Lair (6/6) D:10
  Swamp (2/4) Lair:4        Snake (0/4) Lair:2        Slime (0/5) Lair:6
    Orc (2/2) D:12            Elf (0/3) Orc:2        Vaults (0/5) D:13
 Depths (0/5) D:15

Altars:
Ashenzari
Cheibriados
Dithmenos
Elyvilon
Fedhas
Gozag
Hepliaklqana
Kikubaaqudgha
Makhleb
Nemelex Xobeh
Okawaru
Qazlal
Ru
Sif Muna
Trog
Uskayaw
Vehumet
Wu Jian
Xom
Yredelemnul
Zin
The Shining One
Beogh
Jiyva

Shops:
D:9 (   Orc:1 %   Orc:2 *[*(

Annotations:
D:4 2 transporters
D:7 3 runed translucent doors, MalarOregon's ghost, novice DrVM
D:10 2 runed translucent doors
D:13 3 runed translucent doors, Diyrph's ghost, journeyman DgEE; Ryex's ghost, journeyman TrFi; Sooweil's ghost, journeyman GnSk


Innate Abilities, Weirdness & Mutations

You can breathe blasts of fire.
Your fiery red scales are hard. (AC +9)
You cannot fit into any form of body armour.
Your flesh is heat resistant. (rF+)
You are cold-blooded and may be slowed by cold attacks.


Message History

Okay, then.
(D) Dungeon (T) Temple (L) Lair (S) Swamp (P) Snake Pit (M) Slime Pits (O) Orcish Mines (E) Elven Halls (V) Vaults (U) Depths
Where to? (Enter - Orc:2 @ (x,y), ? - help)
What level of the Swamp? (default 1, ? - help)
Things that are here:
a +0 giant club; a +0 dire flail
Things that are here:
a +0 robe; a +0 club You see here a +0 giant club.
You see here a +0 giant club.
Things that are here:
a +0 leather armour; a +0 trident
Items here: )))) a +0 giant spiked club; a +0 giant club; a cursed -1 giant spiked club a +0 giant club
Things that are here:
a +0 robe; a +0 spear
There is a stone staircase leading up here.
You climb upwards.
There is a stone staircase leading down here.
There is a staircase back to the Dungeon here.
You climb upwards.
Welcome back to the Dungeon!
There is a staircase to the Orcish Mines here.
Things that are here:
a +0 robe; a +0 club You see here a +0 leather armour.
You see here a +0 dagger.
Items here: ))) [[[
Items here: ! ))))) [
Items here: ))) [[ a +0 whip; a +0 plate armour of cold resistance; a +0 dire flail; a +0 hand axe a +0 animal skin
There is a stone staircase leading up, spattered with blood here.
You climb upwards.
There is a stone staircase leading down here.
There is a stone staircase leading up here.
You climb upwards.
Level annotation: 2 runed translucent doors
There is a stone staircase leading down here.
There is a staircase to the Lair here.
You climb downwards.
Welcome back to the Lair of Beasts!
There is a staircase back to the Dungeon here.
There is a stone staircase leading down here.
You climb downwards.
There is a stone staircase leading up, spattered with blood here.
Things that are here:
a +0 dire flail; a +0 war axe You see here a +4 mace of crushing.
You see here a +0 halberd.
Things that are here:
a +0 robe; a cursed -1 war axe You see here a +0 battleaxe.
There is a stone staircase leading down here.
You climb downwards.
There is a stone staircase leading up here.
There is a stone staircase leading down here.
You climb downwards.
There is a stone staircase leading up here.
You enter the shallow water.
Moving in this stuff is going to be slow.
There is a staircase to the Swamp here.
You climb downwards.
Welcome back to the Swamp!
This branch contains the decaying rune of Zot.
There is a staircase back to the Lair, spattered with blood here.
Forget Searing Ray, freeing 2 spell levels for a total of 13?
Your memory of Searing Ray unravels.
Done exploring.
Done exploring.
Done exploring.
(D) Dungeon (T) Temple (L) Lair (S) Swamp (P) Snake Pit (M) Slime Pits (O) Orcish Mines (E) Elven Halls (V) Vaults (U) Depths
Where to? (Enter - Swamp:1, ? - help)
You enter the shallow water.
Moving in this stuff is going to be slow.
There is a stone staircase leading down here.
You climb downwards.
Found a stone staircase leading down.
There is a stone staircase leading up here.
A slime creature and a swamp worm come into view.
There are monsters nearby!
Saving game... please wait.
Welcome back, EnegeticOcto the Red Draconian Conjurer.
Dithmenos says: Spread the eternal night.
Press ? for a list of commands and other information.
Saving game... please wait.
Welcome back, EnegeticOcto the Red Draconian Conjurer.
Dithmenos says: Spread the eternal night.
Press ? for a list of commands and other information.
Saving game... please wait.
Welcome back, EnegeticOcto the Red Draconian Conjurer.
Dithmenos says: Spread the eternal night.
Press ? for a list of commands and other information.
Saving game... please wait.
Welcome back, EnegeticOcto the Red Draconian Conjurer.
Dithmenos says: Spread the eternal night.
Press ? for a list of commands and other information.
Are you sure you want to abandon this character and quit the game? (Confirm with "yes".)

♣♣♣♣♣♣ ♣.....♣
♣♣...≈..♣ ≈
♣♣.≈≈≈≈..≈
..≈♣♣♣♣≈≈≈≈≈≈≈≈≈
≈≈......@.§≈≈≈≈J
≈≈≈≈.≈≈<♣♣≈≈≈≈≈.
≈≈..≈≈.≈♣ ...##
....≈≈≈≈♣ .#.#
♣♣..≈≈≈.♣ ≈..
♣♣.≈≈..♣ w.
♣....♣♣ . ♣♣♣>.
...


You could see a slime creature (sleeping) and a swamp worm (sleeping).

Vanquished Creatures
  Donald (Swamp:1)
  A dire elephant (Lair:4)
  Azrael (D:12)
  Snorg (D:10)
  An ettin (Orc:1)
  Erolcha (Orc:2)
  2 fire dragons (D:15)
  Harold (D:8)
  8 hydras
  A catoblepas (D:15)
  2 centaur warriors (D:15)
  29 two-headed ogres
  A death knight (D:15)
  6 alligators (Swamp:1)
  6 death yaks
  2 tengu warriors
  5 ogre magi (Orc:2)
  11 skeletal warriors
  A fire crab (Lair:4)
  An unseen horror (D:14)
  An orange crystal statue (D:15)
  2 orc knights (D:15)
  An obsidian statue (D:15)
  A wolf spider zombie (D:13)
  A necromancer (D:13)
  8 ugly things
  2 manticores (D:12)
  An oklob plant (D:10)
  An orc sorcerer (Orc:2)
  8 cyclopes
  8 elephants (Lair:6)
  5 centaur zombies
  A black mamba (Lair:3)
  2 torpor snails
  4 centaur skeletons
  A molten gargoyle (Lair:6)
  12 spiny frogs
  2 gargoyles (D:13)
  2 freezing wraiths (D:15)
  A rime drake (Lair:6)
  6 komodo dragons
  4 yaktaurs (D:15)
  8 trolls
  2 tengu conjurers
  4 polar bears
  5 hornets
  3 tyrant leeches (Swamp:1)
  6 blink frogs
  6 slime creatures
  2 bog bodies (Swamp:1)
  10 dream sheep
  12 hippogriffs
  2 shadows (Swamp:1)
  3 wraiths
  A wyvern (Lair:5)
  49 yaks
  16 spriggans
  3 vampires
  3 basilisks
  6 fire elementals
  2 hungry ghosts (D:14)
  12 vampire mosquitoes
  4 insubstantial wisps (Swamp:1)
  8 wargs
  2 soldier ants (D:9)
  8 nagas (Lair:2)
  7 swamp worms
  11 porcupines
  16 water moccasins
  5 black bears
  4 swamp drakes
  An ice beast (D:8)
  13 orc warriors
  2 phantoms
  A necrophage (D:13)
  4 boggarts (Lair:6)
  12 centaurs
  38 ogres
  34 wolves
  12 crocodiles
  4 big kobolds
  18 bullfrogs
  6 scorpions
  17 killer bees
  2 electric eels (Lair:3)
  9 wights (D:7)
  A howler monkey (D:5)
  6 crimson imps
  A bullfrog zombie (D:12)
  18 orc priests
  3 jellies
  2 hounds
  4 bullfrog skeletons
  18 orc wizards
  4 iguanas
  11 worker ants
  A hound skeleton (D:8)
  Robin (D:3)
  6 adders
  4 gnolls (D:3)
  5 shadow imps
  2 oozes
  An adder zombie (D:8)
  An adder skeleton (D:8)
  3 worms
  4 leopard geckos
  73 orcs
  4 ball pythons
  8 bats
  7 giant cockroaches
  15 goblins
  12 hobgoblins
  7 jackals
  3 quokkas
  4 frilled lizards
  29 kobolds
  A quokka skeleton (D:4)
  10 rats
  A plant (D:10)
819 creatures vanquished.

Vanquished Creatures (others)
  A crocodile (Lair:4)
  13 fungi
  6 plants
  2 withered plants (D:13)
22 creatures vanquished.

Grand Total: 841 creatures vanquished

Notes
Turn   | Place    | Note
-------+----------+-------------------------------------------
     0 | D:1      | EnegeticOcto the Draconian Conjurer began the quest for the
                  | Orb.
     0 | D:1      | Reached XP level 1. HP: 14/14 MP: 3/3
    24 | D:1      | Reached skill level 1 in Fighting
   281 | D:1      | Reached XP level 2. HP: 24/24 MP: 5/5
   357 | D:1      | Learned a level 2 spell: Searing Ray
   791 | D:1      | Reached XP level 3. HP: 29/29 MP: 6/6
  1079 | D:2      | Found a faded altar of an unknown god.
  1503 | D:2      | Noticed a centaur
  1514 | D:2      | HP: 1/29 [centaur (9)]
  1516 | D:2      | Killed a centaur
  1516 | D:2      | Reached skill level 3 in Spellcasting
  1516 | D:2      | Reached XP level 4. HP: 2/36 MP: 1/9
  1516 | D:2      | Reached XP level 5. HP: 3/41 MP: 1/10
  2553 | D:3      | Reached XP level 6. HP: 42/51 MP: 1/11
  2896 | D:3      | Noticed Robin
  2910 | D:3      | Killed Robin
  3664 | D:3      | Found a glowing golden altar of the Shining One.
  3674 | D:3      | Found a burning altar of Makhleb.
  3803 | D:4      | Found a hide-covered altar of Uskayaw.
  3916 | D:4      | Found a transporter.
  3926 | D:4      | Found a transporter.
  3938 | D:4      | Reached skill level 5 in Conjurations
  4216 | D:4      | Found a staircase to the Ecumenical Temple.
  4278 | Temple   | Entered the Ecumenical Temple
  4344 | Temple   | Became a worshipper of Dithmenos the Shadowed
  4516 | D:4      | Found an ancient bone altar of Kikubaaqudgha.
  4742 | D:5      | Entered Level 5 of the Dungeon
  4786 | D:5      | Your scales start taking on a fiery red colour.
  4786 | D:5      | Reached XP level 7. HP: 50/58 MP: 12/12
  4786 | D:5      | Gained mutation: Your flesh is heat resistant. (rF+) [Red
                  | Draconian growth]
  4961 | D:5      | Got a shimmering spear
  4962 | D:5      | Identified the +5 spear of the Lurker {pain, -Tele Str+2
                  | Int+6} (You found it on level 5 of the Dungeon)
  5057 | D:5      | Reached skill level 4 in Spellcasting
  5481 | D:5      | Reached skill level 5 in Spellcasting
  6031 | D:6      | Reached XP level 8. HP: 66/66 MP: 11/15
  6065 | D:6      | Reached skill level 5 in Stealth
  6355 | D:6      | Reached skill level 5 in Fighting
  6724 | D:6      | Found a shimmering blue altar of Sif Muna.
  6754 | D:6      | Reached skill level 6 in Spellcasting
  6760 | D:6      | Identified Sif Muna's Almanac of the Arsonist
  6855 | D:6      | Reached * piety under Dithmenos
  7311 | D:7      | Reached skill level 7 in Spellcasting
  7860 | D:7      | Reached XP level 9. HP: 74/74 MP: 19/19
  8294 | D:7      | Upgraded the game from 0.24-a0-769-g368c1644f8 to 0.24-b1
  8359 | D:7      | Found a runed translucent gate.
  8359 | D:7      | Found a runed translucent gate.
  8359 | D:7      | Found a runed translucent gate.
  8360 | D:7      | Noticed MalarOregon's ghost (novice DrVM)
  8510 | D:7      | Learned a level 4 spell: Iskenderun's Mystic Blast
  8679 | D:8      | Reached skill level 1 in Invocations
  8969 | D:8      | Found a sparkling altar of Nemelex Xobeh.
  9105 | D:8      | Reached ** piety under Dithmenos
  9139 | D:8      | Noticed a two-headed ogre
  9179 | D:8      | Killed a two-headed ogre
  9801 | D:8      | Got a slimy quarterstaff
  9802 | D:8      | Identified the +8 quarterstaff "Ageneh" {freeze, rF+} (You
                  | found it on level 8 of the Dungeon)
  9839 | D:8      | Noticed Harold
  9853 | D:8      | Killed Harold
  9853 | D:8      | Reached XP level 10. HP: 88/88 MP: 11/20
 10503 | D:9      | Found a basalt altar of Yredelemnul.
 10646 | D:9      | Identified the Guide on Virous Fire
 10676 | D:9      | Reached skill level 8 in Spellcasting
 10971 | D:9      | Reached *** piety under Dithmenos
 10971 | D:9      | Reached skill level 9 in Spellcasting
 11335 | D:9      | Found Vura's Antique Weapon Shop.
 12023 | D:9      | Learned a level 5 spell: Bolt of Magma
 12053 | D:10     | Entered Level 10 of the Dungeon
 12053 | D:10     | Noticed a two-headed ogre
 12058 | D:10     | Killed a two-headed ogre
 12058 | D:10     | Reached skill level 10 in Spellcasting
 12207 | D:10     | Found a large runed translucent door.
 12209 | D:10     | Found a large runed translucent door.
 12324 | D:10     | Reached XP level 11. HP: 94/94 MP: 25/25
 12394 | D:10     | Noticed Snorg
 12394 | D:10     | You fall into a shaft and drop 2 floors!
 12434 | D:12     | Noticed a two-headed ogre
 12482 | D:12     | Killed a two-headed ogre
 12482 | D:12     | Reached skill level 5 in Fire Magic
 12753 | D:12     | Noticed a brown ugly thing
 12794 | D:12     | Reached **** piety under Dithmenos
 13314 | D:10     | Noticed a two-headed ogre
 13321 | D:10     | Killed a two-headed ogre
 13539 | D:10     | Found a staircase to the Lair.
 13539 | D:10     | Noticed an oklob plant
 13553 | D:10     | Reached skill level 1 in Earth Magic
 14369 | D:10     | Killed Snorg
 15016 | D:10     | Noticed a two-headed ogre
 15024 | D:10     | Killed a two-headed ogre
 15024 | D:10     | Reached skill level 5 in Earth Magic
 15268 | D:10     | Killed an oklob plant
 15295 | Lair:1   | Entered Level 1 of the Lair of Beasts
 15701 | Lair:1   | Reached XP level 12. HP: 63/101 MP: 4/26
 15728 | Lair:1   | HP: 5/101 [yak (3)]
 16059 | Lair:1   | Noticed an eight-headed hydra
 16064 | Lair:1   | Killed an eight-headed hydra
 16905 | Lair:2   | Found a staircase to the Snake Pit.
 17005 | Lair:2   | Noticed a seven-headed hydra
 17011 | Lair:2   | Killed a seven-headed hydra
 17011 | Lair:2   | Reached skill level 10 in Fighting
 17032 | Lair:2   | Reached skill level 1 in Evocations
 17035 | Lair:2   | Reached ***** piety under Dithmenos
 17723 | Lair:2   | Reached skill level 5 in Evocations
 18578 | Lair:2   | Reached skill level 10 in Fire Magic
 20333 | Lair:4   | Found a staircase to the Swamp.
 20713 | Lair:4   | Reached XP level 13. HP: 84/113 MP: 21/27
 21206 | Lair:4   | Noticed a dire elephant
 21217 | Lair:4   | Killed a dire elephant
 21968 | Lair:5   | Reached skill level 11 in Spellcasting
 23183 | Lair:6   | Entered Level 6 of the Lair of Beasts
 23524 | Lair:6   | Learned a level 4 spell: Sticky Flame
 23532 | Lair:6   | Reached skill level 12 in Spellcasting
 24123 | Lair:6   | Reached ****** piety under Dithmenos
 24318 | Lair:6   | Upgraded the game from 0.24-b1 to 0.25-a0-2-g6559c6c67a
 24318 | Lair:6   | Upgraded the game from 0.25-a0-2-g6559c6c67a to
                  | 0.25-a0-35-g747a2b3c0c
 25307 | Lair:6   | Reached skill level 1 in Shields
 25777 | Lair:6   | Reached XP level 14. HP: 121/121 MP: 12/30
 26122 | Lair:6   | Found a viscous altar of Jiyva.
 26123 | Lair:6   | Found a staircase to the Slime Pits.
 27958 | D:12     | Noticed Azrael
 28087 | D:12     | Killed Azrael
 28784 | D:12     | Found a staircase to the Orcish Mines.
 28982 | Orc:1    | Entered Level 1 of the Orcish Mines
 29385 | Orc:1    | Found a roughly hewn altar of Beogh.
 29617 | Orc:1    | Reached skill level 5 in Invocations
 29775 | Orc:1    | Found Buuvvaag's Food Shop.
 30073 | Orc:2    | Entered Level 2 of the Orcish Mines
 30075 | Orc:2    | Found a staircase to the Elven Halls.
 30227 | Orc:2    | Noticed Erolcha
 30234 | Orc:2    | Killed Erolcha
 31010 | Orc:2    | Reached skill level 13 in Spellcasting
 31919 | Orc:2    | Reached XP level 15. HP: 126/126 MP: 13/32
 32151 | Orc:2    | Found Coikao's Armour Emporium.
 32151 | Orc:2    | Found Igusekkya's Weapon Shop.
 32152 | Orc:2    | Reached skill level 10 in Conjurations
 32349 | Orc:2    | Found Bitropn's Assorted Antiques.
 32350 | Orc:2    | Found Jaisi's General Store.
 32358 | Orc:2    | Bought a metallic blue potion for 27 gold pieces
 32358 | Orc:2    | Bought a viscous yellow potion for 27 gold pieces
 32358 | Orc:2    | Bought a ring of evasion for 60 gold pieces
 32584 | Orc:2    | Found a roughly hewn altar of Beogh.
 33313 | D:13     | Found a gate to the Vaults.
 34065 | D:13     | Found a runed translucent gate.
 34079 | D:13     | Noticed Diyrph's ghost (journeyman DgEE)
 34080 | D:13     | Noticed Ryex's ghost (journeyman TrFi)
 34081 | D:13     | Found a runed translucent gate.
 34082 | D:13     | Found a runed translucent gate.
 34082 | D:13     | Noticed Sooweil's ghost (journeyman GnSk)
 34082 | D:13     | Noticed Diyrph's ghost (journeyman DgEE)
 34721 | D:14     | Reached skill level 10 in Dodging
 35956 | D:14     | Got an ichor-stained dagger
 35957 | D:14     | Identified the +3 dagger "Bopegu" {holy, rPois rF+ rC+
                  | Str-4} (You found it on level 14 of the Dungeon)
 36360 | D:15     | Entered Level 15 of the Dungeon
 36496 | D:15     | Learned a level 5 spell: Lee's Rapid Deconstruction
 36499 | D:15     | Learned a level 2 spell: Passwall
 36664 | D:15     | Reached skill level 14 in Spellcasting
 38239 | D:15     | Found a staircase to the Depths.
 38501 | D:15     | Identified the Disquisition on Feathers and Confrontation
 38514 | D:15     | Learned a level 7 spell: Spellforged Servitor
 38805 | Swamp:1  | Entered Level 1 of the Swamp
 38809 | Swamp:1  | Reached skill level 1 in Summonings
 39118 | Swamp:1  | Reached XP level 16. HP: 134/134 MP: 23/34
 39409 | Swamp:1  | Reached skill level 15 in Spellcasting
 39515 | Swamp:1  | Noticed Donald
 39521 | Swamp:1  | Killed Donald
 40408 | Swamp:1  | Reached skill level 5 in Shields
 40979 | Orc:2    | Bought a hardcover book for 450 gold pieces
 40985 | Orc:2    | Learned a level 5 spell: Irradiate
 41253 | Swamp:2  | Upgraded the game from 0.25-a0-35-g747a2b3c0c to
                  | 0.25-a0-55-g0753fd1ad2
 41253 | Swamp:2  | Upgraded the game from 0.25-a0-55-g0753fd1ad2 to
                  | 0.25-a0-166-g16436c4407
 41253 | Swamp:2  | Upgraded the game from 0.25-a0-166-g16436c4407 to
                  | 0.25-a0-189-gf71692caf1
 41253 | Swamp:2  | Quit the game

Levels and vault maps discovered:
D:1:      tarquinn_simple_flora_water_f, layout_rooms
D:2:      layout_basic, chequers_ecumenical_altar_simple, minmay_pentomino_r4
D:3:      layout_loops_ring, amethyst_overflow_temple_binary, uniq_robin
D:4:      gammafunk_steamed_eel, layout_basic, eat_drink_and_be_merry_uskayaw,
          lemuel_crystal_altar, minmay_temple_entry_enclosed_plants,
          first_ration, serial_glass, glass_columns_b, glass_columns_a
D:5:      layout_gridville
D:6:      layout_cave_pools, led_sif_book
D:7:      layout_basic, ebering_ghost_rock_garden
D:8:      layout_basic, nemelex_xobeh_ov_fountains_minmay, minmay_manual_mail,
          uniq_harold
D:9:      layout_cave_pods, yredelemnul_altar_generic, serial_shops,
          nicolae_shop_crystal, hangedman_pestilent_swarm
D:10:     layout_stronghold, dpeg_oklobed_lair, lightli_elemental_guards,
          uniq_snorg
D:11:     layout_big_octagon
D:12:     layout_rooms, erik_orc_1, uniq_azrael
D:13:     layout_roguey, david_vaults_1, gammafunk_ghost_cemetery,
          minmay_diced_spiral
D:14:     layout_rooms, chequers_serial_rivers_micro_b
D:15:     grunt_enter_depths_hoard, layout_irregular_city, chequers_garden,
          david_greed
Temple:   eino_wide_crystal_templ
Lair:1:   layout_cave_shapes, infiniplex_staircase_pool_2
Lair:2:   layout_cave_pods, minmay_snake_entry_guardpost_large
Lair:3:   layout_hall_layers, serial_bayou, serial_bayou_lagoon_a,
          serial_bayou_shore_b, serial_bayou_crossing, serial_bayou_pond_e,
          st_stairs_7
Lair:4:   layout_hall_layers, minmay_swamp_entry_worms, columned_hall_lemuel,
          nzn_random_ring
Lair:5:   layout_regular_city
Lair:6:   minmay_lair_end_enchanted_forest, layout_gridlike, slime_altar_1,
          grunt_megastairs_3
Swamp:1:  layout_falls_marsh, hangedman_swamp_blocks, uniq_donald
Swamp:2:  layout_basic_swamp, evilmike_swamp_ruin_wall
Orc:1:    layout_caves, serial_shops, shop, minmay_orc_temple_a
Orc:2:    st_orc_ogre_mass, layout_caves, basic_altar, mines5_lemuel,
          uniq_erolcha

Skill      XL: |  1  2  3  4  5  6  7  8  9 10 11 12 13 14 15 16 |
---------------+-------------------------------------------------+-----
Fighting       | 1 2 3 4 5 8 10 | 10.0
Stealth        | 2 3 4 5 |  5.3
Spellcasting   | 3 5 7 10 12 13 14 15 | 15.0
Dodging        | 2 3 6 7 10 | 10.0
Conjurations   | 5 6 7 8 9 10 | 10.0
Invocations    | 3 6 |  6.0
Fire Magic     | 2 8 11 13 14 | 14.0
Earth Magic    | 5 8 |  8.0
Evocations     | 5 |  5.0
Shields        | 2 4 5 |  5.0
Summonings     | 2 4 |  4.3

Action                   |  1- 3 |  4- 6 |  7- 9 | 10-12 | 13-15 | 16-18 || total
-------------------------+-------+-------+-------+-------+-------+-------++-------
Melee: Dagger            |    18 |    12 |       |       |       |       ||    30
       Unarmed           |     6 |       |       |       |       |       ||     6
       Whip              |    59 |     1 |       |       |       |       ||    60
       Tailslap          |     6 |     4 |     3 |     8 |    46 |     4 ||    71
       Short sword       |       |    72 |    25 |    36 |       |       ||   133
       Shortbow          |       |       |       |     2 |       |       ||     2
       Quarterstaff      |       |       |       |    28 |    70 |       ||    98
       Staff             |       |       |       |       |   266 |    23 ||   289
 Fire: Shortbow          |       |    39 |   251 |   666 |   137 |       ||  1093
Throw: Dart              |       |       |     5 |       |     5 |       ||    10
 Cast: Magic Dart        |    53 |    11 |    77 |       |       |       ||   141
       Searing Ray       |     1 |    13 |    31 |     3 |       |       ||    48
       Iskenderun's Myst |       |       |    15 |    51 |   195 |     7 ||   268
       Bolt of Magma     |       |       |       |    19 |   292 |    30 ||   341
       Sticky Flame      |       |       |       |       |    34 |    10 ||    44
       Lee's Rapid Decon |       |       |       |       |     8 |       ||     8
 Abil: Breathe Fire      |       |       |     8 |    26 |    24 |       ||    58
Evoke: Wand              |       |       |       |     1 |    15 |     5 ||    21
       Box of beasts     |       |       |       |       |     1 |       ||     1
  Use: Scroll            |     2 |     5 |     3 |     8 |    13 |     1 ||    32
       Potion            |     1 |       |     4 |     2 |       |       ||     7
 Stab: Sleeping          |     2 |     2 |       |     1 |     2 |       ||     7
       Invisible         |       |       |       |     1 |       |       ||     1
  Eat: Chunk             |     3 |    10 |     9 |    26 |    72 |     4 ||   124
       Ration            |       |       |     3 |     6 |     9 |     2 ||    20
Armor: Skin              |    33 |    29 |    47 |   106 |   153 |     9 ||   377
Dodge: Dodged            |    56 |    60 |   247 |   568 |   863 |    48 ||  1842
Block: Other             |       |       |       |     3 |     4 |       ||     7
       Buckler           |       |       |       |       |   113 |     8 ||   121

Table legend:
 A = Non-vault XP
 B = Vault XP
 C = Vault XP percentage of total XP
 D = Non-vault monster count
 E = Vault monster count
 F = Vault count percentage of total count
                 A         B        C        D         E       F
            +---------+---------+-------+---------+---------+-------
      Total |  112471 |   51436 |  31.4 |     620 |     199 |  24.3
            +---------+---------+-------+---------+---------+-------
        D:1 |      45 |       0 |   0.0 |      28 |       0 |   0.0
        D:2 |     294 |       5 |   1.7 |      25 |       2 |   7.4
        D:3 |     177 |      26 |  12.8 |      34 |       7 |  17.1
        D:4 |     179 |       0 |   0.0 |       9 |       0 |   0.0
        D:5 |     464 |       0 |   0.0 |      12 |       0 |   0.0
        D:6 |     978 |      75 |   7.1 |      17 |       2 |  10.5
        D:7 |     919 |       0 |   0.0 |      23 |       0 |   0.0
        D:8 |    2084 |    1221 |  36.9 |      29 |       5 |  14.7
        D:9 |    2797 |     622 |  18.2 |      33 |       4 |  10.8
       D:10 |    4481 |    1599 |  26.3 |      27 |       2 |   6.9
       D:11 |     908 |     355 |  28.1 |      12 |       2 |  14.3
       D:12 |    6554 |    2457 |  27.3 |      27 |      21 |  43.8
       D:13 |    8889 |    2547 |  22.3 |      34 |       7 |  17.1
       D:14 |   12007 |       0 |   0.0 |      41 |       0 |   0.0
       D:15 |   14066 |    3141 |  18.3 |      42 |       4 |   8.7
     Lair:1 |    4542 |       0 |   0.0 |      21 |       0 |   0.0
     Lair:2 |    7176 |    1256 |  14.9 |      33 |       8 |  19.5
     Lair:3 |    1849 |     235 |  11.3 |      12 |       2 |  14.3
     Lair:4 |    2819 |    5904 |  67.7 |      13 |      18 |  58.1
     Lair:5 |    4725 |       0 |   0.0 |      22 |       0 |   0.0
     Lair:6 |   14596 |    9345 |  39.0 |      49 |      55 |  52.9
    Swamp:1 |   13018 |    1177 |   8.3 |      34 |       1 |   2.9
      Orc:1 |    2954 |     139 |   4.5 |      23 |       7 |  23.3
      Orc:2 |    5950 |   21332 |  78.2 |      20 |      52 |  72.2
            +---------+---------+-------+---------+---------+-------
